 Dungeon Crawl Stone Soup version 0.20-a0-1124-g2e29d97 (webtiles) character file.

219 anfisbena the Ruffian (level 5, -5/53 HPs)
             Began as a Troll Fighter on May 15, 2017.
             Slain by a worm (13 damage)
             ... on level 3 of the Dungeon.
             The game lasted 00:04:29 (1893 turns).

anfisbena the Ruffian (Troll Fighter)               Turns: 1893, Time: 00:04:29

Health: -5/53      AC:  5    Str: 24    XL:     5   Next: 64%
Magic:  4/4        EV:  9    Int:  4    God:
Gold:   136        SH:  9    Dex: 10    Spells: 4/4 levels left

rFire    . . .     SeeInvis .     - Unarmed
rCold    . . .     Gourm    +   b - +0 shield
rNeg     . . .     Faith    .   a - +0 robe
rPois    .         Spirit   .   (helmet restricted)
rElec    .         Reflect  .   (no cloak)
rCorr    .         Harm     .   (gloves unavailable)
MR       .....                  (boots unavailable)
Stlth    +.........             (no amulet)
Regen    0.6/turn               (no ring)
MPRegen  0.1/turn               (no ring)

@: no status effects
A: unfitting armour, claws 3, fast metabolism 3, gourmand, regeneration 1,
shaggy fur 1, tough skin 2
a: no special abilities


You were on level 3 of the Dungeon.
You were completely stuffed.

You visited 1 branch of the dungeon, and saw 3 of its levels.
You also visited: Sewer.

You collected 136 gold pieces.

Inventory:

Armour
 a - a +0 robe (worn)
 b - a +0 shield (worn)
Scrolls
 e - 3 scrolls of teleportation {unknown}
 g - 3 scrolls of identify {unknown}
 j - a scroll of blinking {unknown}
 l - a scroll of fog {unknown}
Potions
 c - a potion of might
 k - 2 potions of curing {unknown}
 m - a potion of haste {unknown}
 n - a potion of berserk rage {unknown}
 o - 2 potions of resistance {unknown}
 p - 2 potions of heal wounds {unknown}
 q - 2 potions of flight {unknown}
 r - a potion of degeneration {unknown}
Comestibles
 d - 3 bread rations
 f - 3 chunks of flesh
 h - 2 royal jellies
 i - 2 meat rations


   Skills:
 + Level 3.1 Fighting
 + Level 3.3 Dodging
 + Level 3.3 Shields
 * Level 3.8 Unarmed Combat


You had 4 spell levels left.
You didn't know any spells.

Dungeon Overview and Level Annotations

Branches:
Dungeon (3/15)

Altars:
Gozag
Trog
The Shining One


Innate Abilities, Weirdness & Mutations

You are too large for most types of armour.
You have claws for hands.
Your metabolism is lightning-fast.
You like to eat raw meat.
Your natural rate of healing is unusually fast.
You are covered in fur. (AC +1)
You have very tough skin. (AC +2)


Message History

The worm bites you but does no damage. The rat misses you.
You block the rat's attack.
You see here a rat corpse.
You block the rat's attack. The rat bites you.
You barely miss the rat. The rat barely misses you.
You claw the rat!
You kill the rat!
You claw the worm!
The worm is heavily wounded.
The worm bites you!
* * * LOW HITPOINT WARNING * * *
You scratch the worm.
The worm is severely wounded.
The worm bites you!
* * * LOW HITPOINT WARNING * * *
You scratch the worm.
The worm is almost dead.
The worm bites you!
You die...

### #.. #.. ##..
######### #...
#.......# #...
#@##....# #####...
####w####..###.......
##..ww...##..##.......
##.........##.##....[..
#..†........#.##.......
#....###....#..#.......
#...##y##...#..#....###
#....###....#.........+
##.........##...###.#.#


You could see a moth of wrath and 3 worms.

Vanquished Creatures
  A big kobold (Sewer)
  6 adders
  A river rat (Sewer)
  An ooze (D:2)
  3 worms
  A dart slug (D:1)
  4 leopard geckos
  An orc (D:3)
  2 ball pythons
  11 bats
  2 giant cockroaches
  5 goblins
  4 hobgoblins
  7 jackals
  3 quokkas
  3 frilled lizards (D:1)
  8 kobolds
  10 rats
73 creatures vanquished.

Notes
Turn   | Place    | Note
-------+----------+-------------------------------------------
     0 | D:1      | anfisbena the Troll Fighter began the quest for the Orb.
     0 | D:1      | Reached XP level 1. HP: 22/22 MP: 0/0
   121 | D:1      | Reached XP level 2. HP: 29/29 MP: 1/1
   540 | D:2      | Reached XP level 3. HP: 36/36 MP: 2/2
   810 | D:2      | Reached XP level 4. HP: 41/44 MP: 3/3
   838 | D:2      | Found a bloodstained altar of Trog.
   840 | D:2      | Found an opulent altar of Gozag.
  1195 | D:2      | Found a glowing golden altar of the Shining One.
  1540 | D:3      | Found a glowing drain.
  1558 | Sewer    | Entered a sewer
  1621 | Sewer    | Noticed a big kobold
  1636 | Sewer    | Killed a big kobold
  1636 | Sewer    | Reached XP level 5. HP: 46/53 MP: 4/4
  1672 | Sewer    | Found a glowing silver altar of Zin.
  1865 | D:3      | Noticed a moth of wrath
  1868 | D:3      | Found a bloodstained altar of Trog.
  1893 | D:3      | Slain by a worm

Vault maps used:
D:1:      ncdulo_smallfort
D:2:      nicolae_tso_carved_into_rock, minitemple
D:3:      cheibrodos_sewer_entry_drain, tgw_trog
Sewer:    sewer_kobolds

Skill      XL: |  1  2  3  4 |
---------------+-------------+-----
Unarmed Combat | 3 |  3.8
Shields        | 3 |  3.3
Dodging        | 3 |  3.3
Fighting       | 3 |  3.1

Action                   |  1- 3 |  4- 6 || total
-------------------------+-------+-------++-------
Melee: Unarmed           |   103 |   119 ||   222
 Stab: Sleeping          |     1 |       ||     1
  Eat: Chunk             |    13 |    10 ||    23
Armor: Robe              |    44 |    39 ||    83
Dodge: Dodged            |    29 |    45 ||    74
Block: Shield            |    51 |    72 ||   123
